 Dungeon Crawl Stone Soup version 0.27-a0-223-ge082b6e869 (webtiles) character file.

Game seed: 9132953381597257034

14 rebelwolf the Magician (level 2, 0/11 HPs)
             Began as a Felid Hedge Wizard on Feb 2, 2021.
             Slain by a jackal (2 damage)
             ... on level 1 of the Dungeon.
             The game lasted 00:01:53 (1580 turns).

rebelwolf the Magician (Felid Hedge Wizard)         Turns: 1580, Time: 00:01:53

Health: 0/11       AC:  1    Str:  6    XL:     2   Next: 27%
Magic:  5/7        EV: 18    Int: 15    God:
Gold:   64         SH:  0    Dex: 15    Spells: 6/7 levels left
                                        Lives:  0   Deaths: 0

rFire    . . .     SeeInvis +   (weapon unavailable)
rCold    . . .     Faith    .   (shield unavailable)
rNeg     . . .     Spirit   .   (armour unavailable)
rPois    .         Reflect  .   (helmet unavailable)
rElec    .         Harm     .   (cloak unavailable)
rCorr    .         Rampage  .   (gloves unavailable)
Will     .....                  (boots unavailable)
Stlth    +++.......             (no amulet)
HPRegen  0.03/turn              (no ring)
MPRegen  0.10/turn              (no ring)

@: quick
A: very small, no armour, no weapons or thrown items, stealth, claws 1, fangs 3,
see invisible, speed 1, shaggy fur 1, sharp paws
a: no special abilities


You were on level 1 of the Dungeon.
You visited 1 branch of the dungeon, and saw 1 of its levels.

You collected 64 gold pieces.

Inventory:

Scrolls
 a - a scroll of amnesia {unknown}
Potions
 b - 2 potions of brilliance {unknown}


   Skills:
 + Level 3.1 Dodging
 + Level 2.8 Stealth
 + Level 0.1 Unarmed Combat
 + Level 3.3 Spellcasting
 + Level 1.0 Conjurations
 + Level 1.0 Summonings
 + Level 1.5 Translocations


You had 6 spell levels left.
You knew the following spells:

 Your Spells              Type           Power        Failure   Level
a - Magic Dart            Conj           20%          13%         1

Your spell library contained the following spells:

 Spells                   Type           Power        Failure   Level
 Blink                    Tloc           N/A          16%         2
 Call Imp                 Summ           5%           19%         2
 Slow                     Hex            2%           28%         2
 Conjure Flame            Conj/Fire      4%           43%         3
 Mephitic Cloud           Conj/Pois/Air  3%           45%         3


Dungeon Overview and Level Annotations

Branches:
Dungeon (1/15)

Altars:


Innate Abilities, Weirdness & Mutations

You cannot wear armour.
You are incapable of wielding weapons or throwing items.
Your paws allow you to move quietly. (Stealth)
You have sharp claws.
You have razor-sharp teeth.
You have supernaturally acute eyesight. (SInv)
You cover ground quickly.
You are covered in fur. (AC +1)
Your sharp claws are effective at attacking unaware monsters.


Message History

You bite the jackal, but do no damage.
The jackal is severely wounded.
The jackal completely misses you. The jackal barely misses you.
The jackal misses you. The jackal completely misses you. The jackal misses you.
Your magical contamination has completely faded away.
Unknown command.
You scratch the jackal.
You kill the jackal!
The jackal misses you. The jackal completely misses you. The jackal bites you.
Unknown command.
You scratch the goblin. Your bite misses the goblin.
The goblin is heavily wounded.
The jackal completely misses you. The jackal bites you.
* * * LOW HITPOINT WARNING * * *
The goblin barely misses you.
Unknown command.
You miss the goblin. You bite the goblin.
You kill the goblin!
The jackal barely misses you. x2; The jackal misses you.
The jackal bites you.
You die...

#... #.........###...
#...##...........'...
#...............##...
#....................
#...........P....#### .
#............♣PP.....
...######..###...PP.....
......h.#..# ##.........
......†@...######.......
......h.................
.................(......
.......#................
.......#........#...####
.......+........#.......
.[....##........#.......
...... #........#.......
..................


You could see 2 jackals.

Vanquished Creatures
  A dart slug (D:1)
  3 bats (D:1)
  A giant cockroach (D:1)
  A goblin (D:1)
  A hobgoblin (D:1)
  A jackal (D:1)
  2 frilled lizards (D:1)
  A kobold (D:1)
  3 rats (D:1)
14 creatures vanquished.

Notes
Turn   | Place    | Note
-------+----------+-------------------------------------------
     0 | D:1      | rebelwolf the Felid Hedge Wizard began the quest for the
                  | Orb.
     0 | D:1      | Reached XP level 1. HP: 7/7 MP: 5/5
   211 | D:1      | Reached skill level 1 in Conjurations
   635 | D:1      | Reached XP level 2. HP: 3/11 MP: 1/7
  1580 | D:1      | Slain by a jackal

Illustrated notes

Levels and vault maps discovered:
D:1:      ncdulo_lavacross, layout_basic, serial_park_tiny_2

Skill      XL: |  1 |
---------------+----+-----
Dodging        | 3 |  3.1
Conjurations   | 1 |  1.0
Stealth        | |  2.8
Unarmed Combat | |  0.1
Spellcasting   | |  3.3
Summonings     | |  1.0
Translocations | |  1.5

Action                   || total
-------------------------++-------
Melee: Unarmed           ||    35
       Bite              ||     7
 Cast: Magic Dart        ||    20
  Use: Scroll            ||     1
Armor: Skin              ||     7
Dodge: Dodged            ||    63

Table legend: (Time is in decaauts)
 A = Elapsed time spent in this place.
 B = Non-inter-level travel time spent in this place.
 C = Inter-level travel time spent in this place.
 D = Time resting spent in this place.
 E = Time spent auto-exploring this place.
 F = Levels seen in this place.
 G = Mean time per level.
                   A        B        C        D        E       F      G
               +--------+--------+--------+--------+--------+-----+--------+
         Total |   1517 |   1517 |      0 |   1079 |    305 |   1 | 1517.0 |
       Dungeon |   1517 |   1517 |      0 |   1079 |    305 |   1 | 1517.0 |
               +--------+--------+--------+--------+--------+-----+--------+

Top non-repeatable levels by time:
     D:1: 1517 daAuts
